 Dungeon Crawl Stone Soup version 0.31-a0-995-g04711c9635 (webtiles) character file.

Game seed: 13744624115920059567

56 IndexError the Conjurer (level 3, -3/24 HPs)
             Began as a Demonspawn Conjurer on Nov 4, 2023.
             Was a Believer of Cheibriados.
             Slain by a black bear (5 damage)
             ... on level 3 of the Dungeon on Nov 6, 2023.
             The game lasted 00:03:39 (2542 turns).

IndexError the Conjurer (Demonspawn Conjurer)       Turns: 2542, Time: 00:03:40

Health: -3/24      AC:  2    Str: 13    XL:     3   Next: 71%
Magic:  1/7        EV: 12    Int: 27    God:    Cheibriados [**....]
Gold:   118        SH:  4    Dex: 17    Spells: 5/8 levels left

rFire   . . .        d - +1 dagger (drain)
rCold   . . .        (no shield)
rNeg    . . .        a - +0 robe
rPois   .            (no helmet)
rElec   .            (no cloak)
rCorr   .            (no gloves)
SInv    .            (no boots)
Will    .....        (no amulet)
Stlth   ++           (no ring)
HPRegen 0.24/turn    (no ring)
MPRegen 0.10/turn

%: no passive effects
@: very slow
A: large bone plates 1, weakness stinger 1
a: Renounce Religion, Bend Time


You were on level 3 of the Dungeon.
You worshipped Cheibriados.
Cheibriados was pleased with you.
You visited 1 branch of the dungeon, and saw 3 of its levels.

You collected 118 gold pieces.

Inventory:

Hand Weapons
 d - a +1 dagger of draining (weapon)
   (You took it off a kobold on level 1 of the Dungeon)
Armour
 a - a +0 robe (worn)
Scrolls
 e - a scroll of vulnerability {unknown}
 f - a scroll of enchant armour {unknown}
 h - a scroll of teleportation {unknown}
 l - a scroll of noise {unknown}
 m - 2 scrolls of identify {unknown}
 n - a scroll of enchant weapon {unknown}
 q - a scroll of amnesia {unknown}
Potions
 b - a potion of magic
 c - 2 potions of haste {unknown}
 g - 4 potions of enlightenment {unknown}
 i - a potion of degeneration {unknown}
 j - a potion of heal wounds {unknown}
 k - 2 potions of curing {unknown}
 o - a potion of berserk rage {unknown}
 p - a potion of brilliance {unknown}


   Skills:
 - Level 1.7 Dodging
 - Level 1.7 Stealth
 + Level 3.0 Spellcasting
 + Level 4.7 Conjurations


You had 5 spell levels left.
You knew the following spells:

 Your Spells              Type           Power      Damage    Failure   Level
a - Magic Dart            Conj           100%       1d8       1%          1
b - Searing Ray           Conj           58%        2d6       1%          2

Your spell library contained the following spells:

 Spells                   Type           Power      Damage    Failure   Level
 Dazzling Flash           Conj/Hex       34%        N/A       10%         3
 Fulminant Prism          Conj/Hex       8%         3d7       32%         4
 Iskenderun's Mystic Bla  Conj/Tloc      17%        2d5       32%         4


Dungeon Overview and Level Annotations

Branches:
Dungeon (3/15)

Altars:
Cheibriados


Innate Abilities, Weirdness & Mutations

You are partially covered in large bone plates. (SH +4)
You have a small tail.


Message History

The magic dart hits the quokka.
You now have 3/7 mp.
The magic dart hits the quokka.
Cheibriados thoroughly appreciates the change of pace.
You now have 2/7 mp.
You can't see any susceptible monsters within range! (Use Z to cast anyway.)
Things that are here:
a +2 dagger of holy wrath; a +0 leather armour A bat comes into view.
MP restored: 7 The magic dart hits the bat.
Cheibriados thoroughly appreciates the change of pace.
Cheibriados raises the support of your attributes as your movement slows.
You now have 6/7 mp.
m - 2 scrolls labelled DAUNUM VUNETU (gained 1)
n - a scroll labelled KUOXZI DUCVUBLO MP restored: 7
o - a fizzy orange potion
p - a lumpy green potion You now have 112 gold pieces (gained 7).
A goblin comes into view. It is wielding a +0 club.
The magic dart hits the goblin.
Cheibriados appreciates the change of pace.
You now have 6/7 mp.
You can't see any susceptible monsters within range! (Use Z to cast anyway.)
A rat comes into view.
MP restored: 7 The magic dart hits the rat.
Cheibriados appreciates the change of pace.
You now have 6/7 mp.
You can't see any susceptible monsters within range! (Use Z to cast anyway.)
Found a stone staircase leading down.
MP restored: 7
q - a scroll labelled KYXAPSUEQO A rat comes into view.
A rat is nearby!
The magic dart hits the rat.
Cheibriados appreciates the change of pace.
You now have 6/7 mp.
You can't see any susceptible monsters within range! (Use Z to cast anyway.)
You see here a rat corpse.
There is a stone staircase leading down here.
You open the door.
There is an open door here.
There is a stone staircase leading down here.
Done exploring.
MP restored: 7 Done exploring.
Done exploring.
Done exploring.
There is a stone staircase leading down here.
You climb downwards.
Found 20 gold pieces.
Found two stone staircases leading up.
There is a stone staircase leading up here.
You climb upwards.
There is a stone staircase leading down here.
You see here 4 stones.
There is a stone staircase leading down here.
You climb downwards.
There is a stone staircase leading up here.
A rat comes into view.
The magic dart hits the rat.
Cheibriados appreciates the change of pace.
You now have 6/7 mp.
You can't see any susceptible monsters within range! (Use Z to cast anyway.) Magic restored.
You now have 118 gold pieces (gained 6).
A black bear comes into view.
You see here 14 gold pieces.
MP restored: 7 A black bear is nearby!
The magic dart hits the black bear.
The black bear growls angrily.
You now have 6/7 mp.
The magic dart hits the black bear but does no damage.
You now have 5/7 mp.
The magic dart hits the black bear.
You now have 4/7 mp.
The magic dart hits the black bear.
You now have 3/7 mp.
Casting: Magic Dart (safe; 1% risk of failure)
Confirm with . or Enter, or press ? or * to list all spells.
Aiming: Searing Ray (safe; 1% risk of failure)
Press: ? - help, Shift-Dir - straight line, f/p - black bear
Aim: a black bear (moderately wounded, 85% to hit)
The searing ray hits the black bear. (Press . to maintain the ray.)
You now have 1/7 mp.
The searing ray hits the black bear!
The black bear goes berserk!
You now have 0/7 mp.
Without enough magic to sustain it, your searing ray dissipates.
The black bear bites you! The black bear claws you. x2
* * * LOW HITPOINT WARNING * * *
The black bear bites you.
* * * LOW HITPOINT WARNING * * *
The black bear misses you. The black bear barely misses you.
You take 23 damage, and have 1/24 hp.
MASSIVE DAMAGE!!
The black bear attacks as it pursues you!
The black bear bites you.
You die...

#.# #.# #.# ... #
#†# ## #. #.#
#...#.####.######.
.......<..@.......
#.#.#.#.##h####.#.
# #.<#.# #..#.#
#..#.# #..#..
#..##. #..< . #..#
..


You could see a black bear (berserk).

Vanquished Creatures
  2 dart slugs
  5 endoplasms
  5 goblins
  4 hobgoblins
  5 jackals (D:1)
  2 quokkas
  8 ball pythons
  3 bats
  3 frilled lizards (D:1)
  6 kobolds (D:1)
  6 rats
49 creatures vanquished.

Notes
Turn   | Place    | Note
-------+----------+-------------------------------------------
     0 | D:1      | IndexError the Demonspawn Conjurer began the quest for the
                  | Orb.
     0 | D:1      | Reached XP level 1. HP: 13/13 MP: 3/3
     7 | D:1      | Noticed a felid
     7 | D:1      | Noticed a formicid
     9 | D:1      | Noticed a demonspawn
     9 | D:1      | Noticed a vine stalker
    11 | D:1      | Noticed a merfolk
    11 | D:1      | Noticed a draconian
    13 | D:1      | Noticed a minotaur
    13 | D:1      | Noticed a ghoul
    15 | D:1      | Noticed a tengu
    15 | D:1      | Noticed a spriggan
    17 | D:1      | Noticed a naga
    17 | D:1      | Noticed a meteoran
    19 | D:1      | Noticed a human
    19 | D:1      | Noticed an octopode
    21 | D:1      | Noticed a vampire
    23 | D:1      | Noticed a demigod
    23 | D:1      | Noticed a troll
    25 | D:1      | Noticed an ogre
    25 | D:1      | Noticed a gargoyle
    27 | D:1      | Noticed a formicid
    27 | D:1      | Noticed an armataur
    29 | D:1      | Noticed an octopode
    29 | D:1      | Noticed a human
   404 | D:1      | Found a faded altar of an unknown god.
   420 | D:1      | Gained mutation: You are partially covered in large bone
                  | plates. (SH +4) [demonic ancestry]
   420 | D:1      | Reached XP level 2. HP: 17/19 MP: 1/5
   479 | D:1      | Upgraded the game from 0.31-a0-988-g08d55dae12 to
                  | 0.31-a0-995-g04711c9635
   487 | D:1      | Prayed at the altar of an unknown god.
   487 | D:1      | Became a worshipper of Cheibriados the Contemplative
   487 | D:1      | Reached * piety under Cheibriados
   698 | D:1      | Learned a level 2 spell: Searing Ray
   946 | D:1      | Reached ** piety under Cheibriados
  1030 | D:1      | Gained mutation: You have a small tail. [demonic ancestry]
  1030 | D:1      | Reached XP level 3. HP: 24/24 MP: 5/7
  1870 | D:2      | Reached skill level 3 in Spellcasting
  2533 | D:3      | Noticed a black bear
  2541 | D:3      | HP: 4/24 [black bear (6)]
  2541 | D:3      | HP: 1/24 [black bear (3)]
  2542 | D:3      | Slain by a black bear

Illustrated notes

Levels and vault maps discovered:
D:1:      kb_arrival_jail, layout_loops_corners, shapermc_ecumenical_altar_gd
D:2:      layout_basic, minmay_tetromino_l4
D:3:      layout_basic, okawaru_gym_becter, kennysheep_slug_shrine,
          uniq_grinder, uniq_pargi

Skill      XL: |  1  2  3 |
---------------+----------+-----
Spellcasting   | 3 |  3.0
Dodging        | |  1.7
Stealth        | |  1.7
Conjurations   | |  4.7

Action                     || total
---------------------------++-------
  Melee: Dagger            ||    18
   Cast: Magic Dart        ||    81
         Searing Ray       ||     1
 Armour: Robe              ||    11
  Dodge: Dodged            ||    11
  Block: Other             ||     2

Table legend: (Time is in decaauts)
 A = Elapsed time spent in this place.
 B = Non-inter-level travel time spent in this place.
 C = Inter-level travel time spent in this place.
 D = Time resting spent in this place.
 E = Time spent auto-exploring this place.
 F = Levels seen in this place.
 G = Mean time per level.
                   A        B        C        D        E       F      G
               +--------+--------+--------+--------+--------+-----+--------+
         Total |   3197 |   2886 |    311 |      0 |   2654 |   3 | 1065.7 |
       Dungeon |   3197 |   2886 |    311 |      0 |   2654 |   3 | 1065.7 |
               +--------+--------+--------+--------+--------+-----+--------+

Top non-repeatable levels by time:
     D:1: 1896 daAuts
     D:2: 1271 daAuts
     D:3: 29 daAuts

Levels and vault maps discovered:
D:1:      kb_arrival_jail, layout_loops_corners, shapermc_ecumenical_altar_gd
D:2:      layout_basic, minmay_tetromino_l4
D:3:      layout_basic, okawaru_gym_becter, kennysheep_slug_shrine,
          uniq_grinder, uniq_pargi

Table legend: (Time is in decaauts)
 A = Elapsed time spent in this place.
 B = Non-inter-level travel time spent in this place.
 C = Inter-level travel time spent in this place.
 D = Time resting spent in this place.
 E = Time spent auto-exploring this place.
 F = Levels seen in this place.
 G = Mean time per level.
                   A        B        C        D        E       F      G
               +--------+--------+--------+--------+--------+-----+--------+
         Total |   3197 |   2886 |    311 |      0 |   2654 |   3 | 1065.7 |
       Dungeon |   3197 |   2886 |    311 |      0 |   2654 |   3 | 1065.7 |
               +--------+--------+--------+--------+--------+-----+--------+

Top non-repeatable levels by time:
     D:1: 1896 daAuts
     D:2: 1271 daAuts
     D:3: 29 daAuts

Table legend:
 A = Kills in this place as a percentage of kills in the entire game.
 B = Kills by you in this place as a percentage of kills by you in the entire game.
 C = Kills by friends in this place as a percentage of kills by friends in the entire game.
 D = Other kills in this place as a percentage of other kills in the entire game.
 E = Experience gained in this place as a percentage of experience gained in the entire game.
 F = Experience gained in this place divided by the number of levels of this place that you have seen.
                   A       B       C       D       E      F
               +-------+-------+-------+-------+-------+----------------------
         Total | 100.0 | 100.0 |   N/A |   N/A | 100.0 |  27.0
       Dungeon | 100.0 | 100.0 |   N/A |   N/A | 100.0 |  27.0
               +-------+-------+-------+-------+-------+----------------------
